 Dungeon Crawl Stone Soup version 0.29.1-12-g30fa7ad0bf (webtiles) character file.

Game seed: 6659364674288868849

63 wormed the Grasshopper (level 4, -5/38 HPs)
             Began as a Gnoll Warper on Dec 23, 2022.
             Slain by a gnoll
             ... wielding a +1 flail of protection
              (8 damage)
             ... on level 2 of the Dungeon.
             The game lasted 00:03:16 (2163 turns).

wormed the Grasshopper (Gnoll Warper)               Turns: 2163, Time: 00:03:17

Health: -5/38      AC:  5    Str: 12    XL:     4   Next: 9%
Magic:  11/11      EV: 11    Int: 13    God:
Gold:   54         SH:  0    Dex: 11    Spells: 13/13 levels left

rFire   . . .      SeeInvis .   a - +0 hand axe
rCold   . . .      Faith    .   (no shield)
rNeg    . . .      Spirit   .   j - +0 ring mail
rPois   .          Reflect  .   (no helmet)
rElec   .          Harm     .   (no cloak)
rCorr   .          Rampage  .   (no gloves)
Will    .....                   (no boots)
Stlth   +.........              (no amulet)
HPRegen 0.12/turn               (no ring)
MPRegen 0.12/turn               (no ring)

@: no status effects
A: fangs 1, strong nose, distributed training
a: no special abilities


You were on level 2 of the Dungeon.
You visited 1 branch of the dungeon, and saw 2 of its levels.

You collected 54 gold pieces.

Inventory:

Hand Weapons
 a - a +0 hand axe (weapon)
Missiles
 d - 7 boomerangs of dispersal (quivered)
 h - 5 boomerangs
Armour
 j - a +0 ring mail (worn)
Jewellery
 g - a ring of fire
Scrolls
 b - a scroll of torment {unknown}
 e - a scroll of poison {unknown}
 f - a scroll of amnesia {unknown}
 i - 2 scrolls of identify {unknown}
Potions
 k - a potion of berserk rage {unknown}
 l - a potion of degeneration {unknown}


   Skills:
 + Level 4.6 Fighting
 + Level 1.1 Short Blades
 + Level 1.1 Long Blades
 + Level 4.6 Axes
 + Level 1.1 Maces & Flails
 + Level 1.1 Polearms
 + Level 1.1 Staves
 + Level 1.1 Ranged Weapons
 + Level 2.7 Throwing
 + Level 2.7 Armour
 + Level 4.6 Dodging
 + Level 1.1 Stealth
 + Level 1.1 Shields
 + Level 1.1 Unarmed Combat
 + Level 5.0 Spellcasting
 + Level 0.8 Conjurations
 + Level 0.8 Hexes
 + Level 0.8 Summonings
 + Level 0.8 Necromancy
 + Level 5.4 Translocations
 + Level 0.8 Transmutations
 + Level 0.8 Fire Magic
 + Level 0.8 Ice Magic
 + Level 0.8 Air Magic
 + Level 0.8 Earth Magic
 + Level 0.8 Poison Magic
 + Level 1.2 Invocations
 + Level 1.1 Evocations


You had 13 spell levels left.
You didn't know any spells.
Your spell library contained the following spells:

 Spells                   Type           Power      Damage    Failure   Level
 Blink                    Tloc           34%        N/A       6%          2
 Gell's Gravitas          Tloc           17%        N/A       13%         3
 Lesser Beckoning         Tloc           17%        N/A       13%         3
 Teleport Other           Tloc           17%        N/A       13%         3
 Frozen Ramparts          Ice            10%        1d2       65%         3
 Manifold Assault         Tloc           17%        N/A       75%         5
 Ice Form                 Ice/Tmut       5%         N/A       96%         4
 Summon Ice Beast         Ice/Summ       5%         N/A       96%         4


Dungeon Overview and Level Annotations

Branches:
Dungeon (2/15)

Altars:

Annotations:
D:2 Robin


Innate Abilities, Weirdness & Mutations

You have very sharp teeth.
Your uncanny sense of smell can sniff out nearby items.
Your experience applies equally to all skills.


Message History

i - 2 scrolls labelled SAHUGR YHIE (gained 1)
There is an open door here.
A gnoll is nearby!
There is an open door here.
The gnoll shouts!
The gnoll shouts!
The gnoll hits you with a +1 flail of protection.
You hit the gnoll but do no damage. You closely miss the gnoll.
The gnoll hits you with a +1 flail of protection!
The gnoll hits you but does no damage. The gnoll attacks as you move away!
The gnoll hits you but does no damage. The gnoll attacks as you move away!
The gnoll closely misses you.
You hit the gnoll. You bite the gnoll, but do no damage.
The gnoll is lightly wounded.
The gnoll hits you with a +1 flail of protection.
You hit the gnoll but do no damage. Your bite misses the gnoll.
The gnoll is lightly wounded.
The gnoll barely misses you. The gnoll hits you but does no damage.
You closely miss the gnoll. Your bite misses the gnoll.
The gnoll is lightly wounded.
The gnoll misses you. The gnoll completely misses you.
You hit the gnoll but do no damage.
The gnoll is lightly wounded.
The gnoll closely misses you. The gnoll completely misses you.
You completely miss the gnoll. The gnoll misses you.
The gnoll hits you from afar with a +0 spear.
You hit the gnoll.
The gnoll is moderately wounded.
The gnoll barely misses you.
The gnoll hits you from afar with a +0 spear!
You completely miss the gnoll.
The gnoll is moderately wounded.
The gnoll hits you with a +1 flail of protection!
* * * LOW HITPOINT WARNING * * *
The gnoll hits you from afar with a +0 spear.
* * * LOW HITPOINT WARNING * * *
You barely miss the gnoll. Your bite misses the gnoll.
The gnoll is moderately wounded.
The gnoll hits you with a +1 flail of protection!
You die...

..# . P #......#
######### ..# .♣
...#......# ..#####.PP
.#.#......###
##....P.P♣∆P..#.........
#...P..♣♣♣...'.......#
#...P♣♣♣ P...#.......#
#..♣P♣♣♣♣....##g...#
##..♣..♣P.....##g#
##........######@#
#.........'...g..#
♣.♣.......########
P..♣......# ...♣......#
...♣##)#### ♣.P♣##)# ∆
P♣♣♣.))# ∆ ∆ ♣♣♣..### ∆


You could see 3 gnolls.

Vanquished Creatures
  An adder (D:2)
  A worm (D:2)
  4 endoplasms
  2 giant cockroaches
  13 goblins
  3 hobgoblins
  4 jackals (D:2)
  5 kobolds
  A quokka (D:1)
  A ball python (D:1)
  2 bats (D:1)
  6 rats
43 creatures vanquished.

Vanquished Creatures (others)
  7 plants (D:2)
7 creatures vanquished.

Grand Total: 50 creatures vanquished

Notes
Turn   | Place    | Note
-------+----------+-------------------------------------------
     0 | D:1      | wormed the Gnoll Warper began the quest for the Orb.
     0 | D:1      | Reached XP level 1. HP: 20/20 MP: 6/6
   285 | D:1      | Reached XP level 2. HP: 21/26 MP: 7/7
   813 | D:1      | Reached skill level 5 in Spellcasting
   813 | D:1      | Reached XP level 3. HP: 24/31 MP: 7/9
  1233 | D:2      | Reached skill level 1 in Invocations
  1411 | D:2      | Reached skill level 1 in Short Blades
  1411 | D:2      | Reached skill level 1 in Long Blades
  1411 | D:2      | Reached skill level 1 in Maces & Flails
  1411 | D:2      | Reached skill level 1 in Polearms
  1411 | D:2      | Reached skill level 1 in Staves
  1411 | D:2      | Reached skill level 1 in Ranged Weapons
  1411 | D:2      | Reached skill level 1 in Stealth
  1411 | D:2      | Reached skill level 1 in Shields
  1411 | D:2      | Reached skill level 1 in Unarmed Combat
  1411 | D:2      | Reached skill level 1 in Evocations
  1591 | D:2      | Noticed Robin
  1622 | D:2      | Reached XP level 4. HP: 21/38 MP: 11/11
  2163 | D:2      | Slain by a gnoll

Illustrated notes

Levels and vault maps discovered:
D:1:      pf_arrival_petrified_forest, layout_loops_cross
D:2:      layout_basic, nicolae_ecumenical_snake_handling, serial_forest,
          infiniplex_forest_clump_curved, infiniplex_forest_lined_2,
          infiniplex_forest_clump_double, infiniplex_forest_corner_1,
          infiniplex_forest_end_1, infiniplex_forest_clump_curved,
          infiniplex_forest_zigzag_1, infiniplex_forest_clump_curved,
          basic_altar, st_stairs_12, corexii_corridor_pit, uniq_robin

Skill      XL: |  1  2  3 |
---------------+----------+-----
Spellcasting   | 5 |  5.0
Invocations    | 1 |  1.2
Short Blades   | 1 |  1.1
Long Blades    | 1 |  1.1
Maces & Flails | 1 |  1.1
Polearms       | 1 |  1.1
Staves         | 1 |  1.1
Ranged Weapons | 1 |  1.1
Stealth        | 1 |  1.1
Shields        | 1 |  1.1
Unarmed Combat | 1 |  1.1
Evocations     | 1 |  1.1
Fighting       | |  4.6
Axes           | |  4.6
Throwing       | |  2.7
Armour         | |  2.7
Dodging        | |  4.6
Conjurations   | |  0.8
Hexes          | |  0.8
Summonings     | |  0.8
Necromancy     | |  0.8
Translocations | |  5.4
Transmutations | |  0.8
Fire Magic     | |  0.8
Ice Magic      | |  0.8
Air Magic      | |  0.8
Earth Magic    | |  0.8
Poison Magic   | |  0.8

Action                   |  1- 3 |  4- 6 || total
-------------------------+-------+-------++-------
Melee: Hand axe          |   122 |    21 ||   143
       Bite              |    12 |     2 ||    14
       Punch             |     3 |       ||     3
  Use: Scroll            |       |     1 ||     1
 Stab: Sleeping          |     1 |       ||     1
Armor: Leather armour    |    23 |       ||    23
       Ring mail         |    20 |     7 ||    27
Dodge: Dodged            |    99 |    16 ||   115
